 Dungeon Crawl Stone Soup version 0.30-a0-760-g5a9884bb7c (webtiles) character file.

Game seed: 14383223859419274024

3 mopl the Vexing (level 1, -1/10 HPs)
             Began as a Deep Elf Enchanter on Feb 10, 2023.
             Slain by a quokka (3 damage)
             ... on level 1 of the Dungeon.
             The game lasted 00:00:15 (225 turns).

mopl the Vexing (Deep Elf Enchanter)                 Turns: 225, Time: 00:00:16

Health: -1/10      AC:  2    Str:  5    XL:     1   Next: 41%
Magic:  6/6        EV: 12    Int: 19    God:
Gold:   44         SH:  0    Dex: 15    Spells: 6/6 levels left

rFire   . . .      SeeInvis .    a - +1 dagger
rCold   . . .      Faith    .    (no shield)
rNeg    . . .      Spirit   .    b - +0 robe
rPois   .          Reflect  .    (no helmet)
rElec   .          Harm     .    (no cloak)
rCorr   .          Rampage  .    (no gloves)
Will    .....                    (no boots)
Stlth   +++                      (no amulet)
HPRegen 0.21/turn                (no ring)
MPRegen 0.10/turn                (no ring)

@: no status effects
A: no striking features
a: no special abilities


You were on level 1 of the Dungeon.
You visited 1 branch of the dungeon, and saw 1 of its levels.

You collected 44 gold pieces.

Inventory:

Hand Weapons
 a - a +1 dagger (weapon)
Armour
 b - a +0 robe (worn)
Potions
 c - 2 potions of invisibility
 d - a potion of degeneration {unknown}
 e - a potion of curing {unknown}


   Skills:
 + Level 1.1 Short Blades
 - Level 2.4 Dodging
 + Level 3.7 Stealth
 + Level 3.1 Spellcasting
 + Level 4.1 Hexes


You had 6 spell levels left.
You didn't know any spells.
Your spell library contained the following spells:

 Spells                   Type           Power      Damage    Failure   Level
 Confusing Touch          Hex            18%        N/A       9%          3
 Tukima's Dance           Hex            18%        N/A       9%          3
 Ensorcelled Hibernation  Hex/Ice        20%        N/A       10%         2
 Dazzling Flash           Conj/Hex       20%        N/A       21%         3


Dungeon Overview and Level Annotations

Branches:
Dungeon (1/15)

Altars:


Message History

The kobold shouts!
A rat comes into view.
The kobold throws a stone.
The stone completely misses you.
A giant cockroach comes into view.
Found 5 gold pieces.
The kobold throws a stone.
The stone hits you but does no damage.
You hit the quokka but do no damage. The quokka bites you.
You barely miss the quokka. The quokka barely misses you.
You barely miss the kobold. The quokka closely misses you.
The quokka twitches its whiskers.
The kobold misses you.
You barely miss the quokka. The kobold closely misses you.
The quokka closely misses you. The quokka barely misses you.
You completely miss the quokka. The kobold completely misses you.
The quokka bites you. x2
You closely miss the rat. The quokka bites you.
The kobold hits you with a +0 club.
* * * LOW HITPOINT WARNING * * *
The rat barely misses you.
The quokka bites you but does no damage.
You are too injured to fight recklessly!
You are too injured to fight recklessly!
You are too injured to fight recklessly!
You are too injured to fight recklessly!
You are too injured to fight recklessly!
You are too injured to fight recklessly!
You are too injured to fight recklessly!
You are too injured to fight recklessly!
You are too injured to fight recklessly!
You are too injured to fight recklessly!
You are too injured to fight recklessly!
The quokka attacks as you move away! The quokka misses you.
The quokka attacks as you move away! The quokka misses you.
The rat attacks as you move away! The rat bites you but does no damage.
The quokka attacks as you move away! The quokka misses you.
The kobold throws a stone.
The stone closely misses you. The quokka attacks as you move away!
The quokka barely misses you. The quokka completely misses you.
The quokka attacks as you move away! The quokka bites you.
You die...

.#....... #.. ..###.### ..
#..##.# #.# ##....#### ##..
#........ ... ##.#######
#.# ...#############.#
......†...##.....##
####............@.###### #
#............rrrK#...#...
#..............B.........
#............(...........
#.....................?..
#......................^.
.......................##..
.###..............##...# .
##.....##.....## ....


You could see 2 quokkas, a giant cockroach, a kobold and a rat.

Vanquished Creatures
  A hobgoblin (D:1)
  A ball python (D:1)
  A bat (D:1)
  A frilled lizard (D:1)
4 creatures vanquished.

Notes
Turn   | Place    | Note
-------+----------+-------------------------------------------
     0 | D:1      | mopl the Deep Elf Enchanter began the quest for the Orb.
     0 | D:1      | Reached XP level 1. HP: 10/10 MP: 6/6
   225 | D:1      | Slain by a quokka

Illustrated notes

Levels and vault maps discovered:
D:1:      dpeg_arrival_ternary, layout_rooms, serial_shops, shop,
          minmay_tromino_v7

Action                     || total
---------------------------++-------
  Melee: Dagger            ||    12
   Stab: Sleeping          ||     2
 Armour: Robe              ||     3
  Dodge: Dodged            ||    17

Table legend: (Time is in decaauts)
 A = Elapsed time spent in this place.
 B = Non-inter-level travel time spent in this place.
 C = Inter-level travel time spent in this place.
 D = Time resting spent in this place.
 E = Time spent auto-exploring this place.
 F = Levels seen in this place.
 G = Mean time per level.
                   A        B        C        D        E       F      G
               +--------+--------+--------+--------+--------+-----+--------+
         Total |    224 |    224 |      0 |      0 |    185 |   1 |  224.0 |
       Dungeon |    224 |    224 |      0 |      0 |    185 |   1 |  224.0 |
               +--------+--------+--------+--------+--------+-----+--------+

Top non-repeatable levels by time:
     D:1: 224 daAuts
